 Dungeon Crawl Stone Soup version 0.18-a0-1497-g788d838 (webtiles) character file.

79 GrosslyIncandescent the Insei (level 4, -7/35 HPs)
             Began as a Mummy Monk on Mar 4, 2016.
             Mangled by a killer bee zombie (8 damage)
             ... on level 3 of the Dungeon.
             The game lasted 00:01:55 (2934 turns).

GrosslyIncandescent the Insei (Mummy Monk)          Turns: 2934, Time: 00:01:55

Health: -7/35      AC:  0    Str: 14    XL:     4   Next: 16%
Magic:  4/4        EV:  8    Int:  9    God:
Gold:   131        SH:  0    Dex: 15    Spells: 0 memorised, 3 levels left

rFire  x . .     SeeInvis .       - Unarmed
rCold  + . .     Gourm    .     (no armour)
rNeg   + + +     Faith    .     (no shield)
rPois  ∞         Spirit   .     (no helmet)
rElec  .         Dismiss  .     (no cloak)
rCorr  .         Reflect  .     (no gloves)
SustAt .         Harm     .     (no boots)
MR     .....                    (no amulet)
Stlth  ++........               (no ring)
                                (no ring)

@: not resistant to hostile enchantments, unstealthy
A: no food or potions, fire vulnerability, cold resistance 1, negative energy
resistance 3, torment resistance, unbreathing
a: no special abilities


You were on level 3 of the Dungeon.
You were not hungry.

You visited 1 branch of the dungeon, and saw 3 of its levels.

You collected 131 gold pieces.


Innate Abilities, Weirdness & Mutations

You do not eat or drink.
Your flesh is vulnerable to fire.
You are immune to poison.
Your flesh is cold resistant.
You are immune to negative energy.
You are immune to unholy pain and torment.
You can survive without breathing.


   Skills:
 - Level 3.0 Fighting
 - Level 2.4 Dodging
 - Level 1.5 Stealth
 + Level 4.7 Unarmed Combat


You had 3 spell levels left.
You didn't know any spells.

Inventory:

Magical Staves
 h - an uncursed staff of power {unknown}
Jewellery
 i - an uncursed ring of magical power {unknown}
Scrolls
 a - a scroll of recharging {unknown}
 b - a scroll of enchant armour {unknown}
 c - 3 scrolls of magic mapping {unknown}
 d - a scroll of enchant weapon {unknown}
 e - a scroll of teleportation {unknown}
 f - 2 scrolls of identify {unknown}
 g - 3 scrolls of remove curse {unknown}

Dungeon Overview and Level Annotations

Branches:
Dungeon (3/15)

Altars:
Fedhas
Pakellas

▒ ▒▒▒▒▒▒▒▒▒
..▒▒▒.......▒
............▒
▒...........▒
▒...........▒
........Z...▒
........M..▒▒
...........▒
......▒▒▒▒▒▒
...... .▒▒▒▒▒


You could see a killer bee zombie.


Message History

You closely miss the killer bee zombie!
The killer bee zombie barely misses you!
The killer bee zombie hits you!
You pulverise the killer bee zombie!
The killer bee zombie closely misses you!
The killer bee zombie hits you!
You are too injured to fight recklessly!!!
You are too injured to fight recklessly!!!
You are too injured to fight recklessly!!!
You are too injured to fight recklessly!!!
You are too injured to fight recklessly!!!
The killer bee zombie hits you!
The killer bee zombie hits you! * * * don't die
* * *
There is a stone staircase leading up here!
You squash the killer bee zombie like an ant!!!
The killer bee zombie closely misses you! x2
You barely miss the killer bee zombie!
The killer bee zombie hits you! * * * don't die
* * * You pound the killer bee zombie into fine dust!
The killer bee zombie hits you! * * * don't die
* * * The killer bee zombie hits you! * * * don't die
* * * You miss the killer bee zombie!
The killer bee zombie barely misses you!
The killer bee zombie hits you!!! * * * don't die
* * * The killer bee zombie hits you!!! rip

Action                   |  1- 3 |  4- 6 || total
-------------------------+-------+-------++-------
Melee: Unarmed           |   136 |    17 ||   153
 Stab: Sleeping          |     2 |       ||     2

Vault maps used:
D:1:      nicolae_arrival_somewhat_less_tricky_arrival, st_stairs_11
D:2:      old_standard_altar, lemuel_coloured_pillars_altar, first_bread
D:3:      marbit_many_paths, yredelemnul_altar_generic, uniq_sigmund

Notes
Turn   | Place    | Note
--------------------------------------------------------------
     0 | D:1      | GrosslyIncandescent the Mummy Monk began the quest for the Orb.
     0 | D:1      | Reached XP level 1. HP: 18/18 MP: 1/1
   260 | D:1      | Reached XP level 2. HP: 20/24 MP: 2/2
   889 | D:1      | Reached skill level 4 in Unarmed Combat
  1517 | D:1      | Reached XP level 3. HP: 29/29 MP: 3/3
  1833 | D:2      | Found a blossoming altar of Fedhas.
  2308 | D:2      | Found an oddly glowing altar of Pakellas.
  2634 | D:2      | Reached XP level 4. HP: 35/35 MP: 4/4
  2933 | D:3      | HP: 1/35 [killer bee zombie (7)]
  2934 | D:3      | Mangled by a killer bee zombie

Vanquished Creatures
  2 adders (D:2)
  2 worms (D:2)
  4 dart slugs
  A ball python (D:2)
  5 bats
  2 giant cockroaches
  6 goblins
  10 hobgoblins
  4 kobolds
  A giant newt (D:1)
  6 rats
43 creatures vanquished.
